[Event "44th Chess Olympiad Women 2022"]
[Site "Chennai"]
[Date "2022.08.06"]
[Round "8.12"]
[White "Injac, Teodora"]
[Black "Sukandar, Irine Kharisma"]
[Result "0-1"]
[WhiteElo "2372"]
[BlackElo "2373"]
[Annotator "TA"]
[PlyCount "84"]
[EventDate "2022.??.??"]
[TimeControl "60"]

1. d4 Nf6 2. c4 e6 3. Nc3 d5 4. cxd5 exd5 5. Bg5 c6 6. e3 Be7 7. Bd3 Nbd7 8. Nf3 Ne4 9. Bf4 (9. Nxe4 $2 dxe4 10. Bxe7 Qxe7 $19) 9... f5 {
[%emt 0:02:41] D35: Queen's Gambit Declined: Exchange Variation.} 10. Ne5 O-O 11. O-O Bf6 {[%emt 0:00:
00] [#] The position is equal.} 12. Qc2 $146 ({Predecessor:} 
12. Nxd7 Qxd7 13. f3 Nd6 14. Qc2 Qe7 15. Rae1 Be6 16. Na4 Rad8 17. Nc5 Bc8 18.
Bxd6 Rxd6 19. Bxf5 Bxf5 20. Qxf5 {0-1 (31) Koykka,P (2238)-Blanche,P (2125)
Krakow 2011}) 12... Qe7 13. f3 (
13. Nxe4 fxe4 14. Be2 Nxe5 15. dxe5 Bxe5 16. Bxe5 Qxe5 $17) 13... Nd6 14. Nxd7 Bxd7 15. Rae1 Rae8 16. Kh1 Bc8 17. a4 a6 18. h3 g6 19. Re2 Qd7 20. g4 Bg7 21. Ree1 b5 22.
Qh2 Nc4 (22... Re6 $11) 23. b3 ({Better is} 23. gxf5 $14 Rxf5 24. Bxf5 Qxf5 25. axb5 axb5 26. h4) 23...
Na5 24. axb5 axb5 (24... cxb5 {is interesting.} 25. Bc2 fxg4 26. hxg4 Re6) 25. gxf5 Nxb3 26. fxg6 (26. Qa2 $5 ) 26... Qxh3 27. gxh7+ Kh8 28. Qxh3 Bxh3 {[%emt 0:00:02] Chess con chili.} 29.
Rg1 {[%emt 0:00:02] And now Bd6 would win.} Bf5 (29... Nxd4 $5
30. Rxg7 Kxg7 31. Rg1+ Kh8 $17) 30. Bxf5 Rxf5 31. Re2 $2 (31. Ne2 $11) 31... b4 $1
$19 32. Reg2 (32. Rb1 bxc3 33. Rxb3 Rxf4 34.
Rxc3 Bxd4 $19) 32... Rh5+ 33. Bh2 bxc3 34. Rxg7 {[%emt 0:00:04] Strongly threatening Rg8+.} Rxh7 ({Much less strong is} 34... Rxe3 35. Rb7 Re8 36. Rg8+ (36.
Rxb3 Re2 $11) 36... Rxg8 37. hxg8=Q+ Kxg8 38. Rxb3 $18) 35. R7g6 {[%emt 0:00:
00] [#]} Nd2 $2 (35... c2 36. Rxc6 c1=Q 37. Rgxc1 Nxc1 38.
Rxc1) (35... c5 $1 $19 36. Kg2 c2 37. Be5+ {[#]} Rxe5 $1 38.
dxe5 Rg7 39. Rxg7 Kxg7 40. Kf2+ Kf7) 36. Rxc6 $2 (36. Kg2 $1
$11 {and White has nothing to worry.} Rxh2+ 37. Kxh2 Nxf3+ 38. Kg2 Nxg1 39.
Rh6+ Kg7 40. Rxc6) 36... Nxf3 {[%emt 0:00:13][%csl Gf3][%cal Rh7h2] Black is
clearly winning.} 37. Rg2 Ra8 {[%emt 0:00:48] ( -> ...Ra1+)}
38. Re2 Ra1+ 39. Kg2 Rxh2+ ({And not} 39... Nxh2 40. Rxc3 Rh6 41. Rc8+ Kh7 42. Rc7+ Kh8
43. Rc8+ Kh7 44. Rc7+ Kh8 45. Rc8+ $17) 40. Kxf3 Rf1+ 41. Kg3 Rxe2 42. Rxc3 Kg7 {[%emt 0:01:34] Weighted Error Value: White=0.69/Black=0.
17 (very precise)} 0-1

[Event "44th Chess Olympiad Women 2022"]
[Site "Chennai"]
[Date "2022.08.06"]
[Round "8.13"]
[White "Belenkaya, Dina"]
[Black "Agrest, Inna"]
[Result "0-1"]
[WhiteElo "2256"]
[BlackElo "2217"]
[Annotator "NA RC"]
[PlyCount "50"]
[EventDate "2022.??.??"]
[TimeControl "60"]

1. e4 e5 2. Nf3 Nc6 3. d4 exd4 4. Nxd4 Nf6 5. Nxc6 bxc6 6.
Nd2 Bc5 7. Bd3 O-O 8. O-O Re8 9. Nb3 Bb6 10. c4 d6 11. Qc2 a5 12. Bg5 h6 13. Bh4 a4 14. Nd2 g5 15. Bg3 Nh5 16. Nf3 Bg4 17. Nd2 Nxg3 18.
hxg3 Qf6 19. Kh1 h5 20. f4 h4 21. gxh4 gxf4 22. Nf3 Ra5 23.
g3 fxg3 24. Qg2 Bxf3 25. Qxf3 Qxh4+ 0-1

[Event "44th Chess Olympiad Women 2022"]
[Site "Chennai"]
[Date "2022.08.06"]
[Round "8.13"]
[White "Cramling Bellon, Anna"]
[Black "Klinova, Masha"]
[Result "1/2-1/2"]
[WhiteElo "2065"]
[BlackElo "2251"]
[Annotator "RC"]
[PlyCount "137"]
[EventDate "2022.??.??"]
[TimeControl "60"]

1. d4 d6 2. Nf3 g6 3. c4 Bg7 4. Nc3 Nf6 5. e4 O-O 6. h3 c5 7. d5 e6 8. Bd3 exd5 9. exd5 Re8+ 10. Be3 Na6 11. O-O Nc7 12. a4 Nd7 13. Ne4 Ne5 14. Bg5 f6 15. Nxe5 fxg5 16. Nf3 g4 17. Nfg5 h6 18. Ne6 Nxe6 19. dxe6 Bxe6 20. hxg4 Qh4 21. Be2 Rad8 22. g3 Qe7 23. Nc3 Bd4 24. Qc2 Qg5 25. Ne4 Qe5 26. Kg2 d5 27. Nc3 dxc4 28. Qxg6+ Qg7 29. Qxg7+ Kxg7 30. Bf3 b6 31. a5 Re7 32. axb6 axb6 33. Ra6 Rb8 34. Re1 Kf8 35. Re2 Bf7 36. Rxe7 Kxe7 37. Ra7+ Kf8 38. Ra8 Rxa8 39. Bxa8 Be8 40. Bd5 b5 41. f4 Ke7 42. Kf3 b4 43. Ne4 Bb5 44. g5 hxg5 45. fxg5 Bxb2 46. g6 Be5 47. Nxc5 c3 48. Bb3 Kf6 49. Bc2 Be8 50. Ne4+ Kg7 51. Nc5 Bxg6 52. Bxg6 Kxg6 53. Ke2 Bxg3 54. Kd3 Bd6 55. Nb3 Kf5 56. Kc2 Ke4 57. Na1 Kd4 58. Nb3+ Kc4 59. Na1 Kb5 60. Nb3 Ka4 61. Na1 Ka3 62. Nb3 Bc7 63. Na1 Bb6 64. Nb3 Be3 65. Na1 Ka2 66. Nb3 Bf4 67. Nc5 Bc7 68. Nb3 Bb6 69. Nc1+ 1/2-1/2

[Event "44th Chess Olympiad Women 2022"]
[Site "Chennai"]
[Date "2022.08.06"]
[Round "8.13"]
[White "Cramling, Pia"]
[Black "Efroimski, Marsel"]
[Result "1-0"]
[WhiteElo "2459"]
[BlackElo "2456"]
[Annotator "TA"]
[PlyCount "176"]
[EventDate "2022.??.??"]
[TimeControl "60"]

1. d4 d5 2. c4 e6 3. Nc3 c5 4. cxd5 cxd4 5. Qa4+ Bd7 6. Qxd4 exd5 7. Nf3 (7. Nxd5 Nc6 8. Qf4 Qa5+ 9. Nc3 (9. Qd2 Bb4 $17
) 9... Nb4 $11) 7... Be6 {[%emt 0:05:24] D32: Tarrasch Defence: Sidelines and
lines without g3.} 8. e4 Nc6 9. Bb5 dxe4 {[%emt 0:10:48] White is slightly better.} 10. Qxe4 {
[%emt 0:02:18] [#]} Nf6 $146 ({Predecessor:} 10... Rc8 11. O-O
Nf6 12. Qe2 a6 13. Bxc6+ Rxc6 14. Bg5 Be7 15. Rfd1 Rd6 16. Rxd6 Qxd6 {0-1 (29)
Muradore,A (1544)-Capaliku,A (2107) Udine 2007}) 11. Bxc6+ bxc6 12. Qxc6+ Bd7 13. Qa6 Be7 14. O-O O-O 15. Re1 Re8 16. Be3 (
16. Bf4 {is more complex.} Bc8 17. Qc4 Bg4 18. Rad1) 16... Bc8 17. Qa4 {[%emt 0:02:21] 0x0.0002d811e739dp-1022s more active pieces.} Bd7 18. Qf4 Qb8 19. Qxb8 Raxb8 20. Bd4 Be6 21. Ng5 Bf5 22. Re5 Bd7 23. Rae1 Bd8 24. R1e2 a5 25. Rxe8+ Nxe8 26. Nf3 f6 27. Be3 Kf7 28. Rd2 Rb7 29. h3 Be7 30. Nd5 Bf8 31. Nb6 {[%emt 0:03:07] Pair of Knights!} Be6 32. b3 Nd6 {[%emt 0:11:13] [#]} (32... Nc7
$142) 33. Na4 ({White should try} 33. Nd4 $1 $16) 33... Ne4 34. Rd4 Nc5 35. Nxc5 Bxc5 36. Rh4 Bd6 37. Nd4 Bd5 38. Nf5 Bf8 39. Rd4 Ke6 40. Rd1 g6 41. Nd4+ Kf7 42. Ne2 Bc6 43. Rc1 Bd7 44. Bc5 Bh6 45. Rc3 Bf5 46. Be3 Bf8 47. Nd4 Bb1 48. a4 Be4 49. Nb5 Bb4 50. Rc4 Bd5 51. Rd4 Ke6 (51... Bxb3 $2 52. Rxb4 $1 axb4 53. Nd6+ Ke6 54. Nxb7 $18) 52. Rd3 Rd7 53. Bd2 Bxd2 54. Rxd2 $14 {[%emt 0:00:06] Endgame KRB-KRN} Rb7 55. Rd3 f5 56. f3 g5 57. Kf2 f4 58. Ke1 h5 59. Kf2 Ke5 60. Rc3 Kf6 61. Rc5 Bxb3 62.
Nd6 Rb4 (62... Ra7 $1 $11 {
keeps the balance.}) 63. Ne4+ $16 Ke7 64.
Re5+ (64. Nxg5 Rxa4 65. g4 fxg3+ 66. Kxg3 h4+ 67. Kf2 Ra1 $17)
(64. Rxa5 $16 {Re5+ is the strong threat.} Bxa4 65. Re5+ (65. Rxg5 Rb2+ 66. Kg1
Rb5 $18) (65. Nxg5 Bc2 $16) 65... Kd7 66. Rxg5) 64... Kf7 $2 (
64... Kd8 $1 $14) 65. Rxa5 $18 {[%emt 0:01:10] Strongly threatening Rb5.} ({
And not} 65. Rxg5 Rxa4 66. Rf5+ (66. Rxh5 Ra2+ 67. Kg1 a4 $11) 66... Ke7 $11)
65... g4 66. Rxh5 $2 (66. Rb5 $18 gxh3 67.
Nd6+ (67. Rxb4 h2 $11) (67. Rxh5 Bxa4 68. gxh3 Rb2+ 69. Ke1 Bc2 $14) 67... Kg6
68. gxh3 (68. Rxb4 h2 $11)) 66... g3+ $1 $14 67. Ke1 Rxa4 68. Rf5+ $1 {[%emt 0:00:11] White stays focused
until the end.} Ke6 (68... Ke7 $1 $14) 69. Rxf4 $16 {[%emt 0:
00:11] Black must now prevent Nc5+.} Ra1+ 70. Kd2 Ra2+ 71. Ke3 Bd5 72.
Nd2 Ra3+ 73. Ke2 Ra1 $2 {
[%emt 0:00:24] [#]} (73... Bb7 {was called for.} 74. Rg4 Ba6+ 75. Kd1 Bd3) 74.
Rg4 $1 $18 Bb7 (74... Bc6 {was worth a try.}
75. Rg6+ Kd5) 75. Rxg3 Kf5 76. Ne4 {[%emt 0:
00:49] And now Nd6+ would win.} Ra2+ 77. Ke3 {[%emt 0:00:14]
aiming for Nd6+.} Ra3+ 78. Kf2 {[%emt 0:00:08] Threatens to
win with Nd6+.} Ra2+ 79. Kg1 {[%emt 0:00:11] Hoping for Nd6+.}
Bxe4 (79... Ke5 $142 80. Rg7 Ba8) 80. fxe4+ Kxe4 {[%emt 0:00:03] KR-KR} 81. Rf3 {[%emt 0:00:00] White mates.} Rb2 82. Kh2 Ra2 83. h4 Ra5 84. Kh3 Ra1 85. Kg4 Ra2 86. g3 Ra8 87. Rf4+ Ke5 88. h5 Kd5 {[%emt 0:00:27] Weighted Error Value: White=0.10 (very
precise) /Black=0.09 (flawless)} 1-0

[Event "44th Chess Olympiad Women 2022"]
[Site "Chennai"]
[Date "2022.08.06"]
[Round "8.13"]
[White "Levitan, Ronit"]
[Black "Johansson, Viktoria"]
[Result "1-0"]
[WhiteElo "2084"]
[BlackElo "2041"]
[Annotator "NA RC"]
[PlyCount "87"]
[EventDate "2022.??.??"]
[TimeControl "60"]

1. e4 c5 2. c3 Nf6 3. e5 Nd5 4. d4 cxd4 5. cxd4 Nc6 6. Nf3 d6 7. Bc4 Nb6 8. Bb5 dxe5 9. Nxe5 Bd7 10. Nxd7 Qxd7 11. Nc3 e6 12. O-O Be7 13. Qg4 O-O 14. Bh6 Bf6 15. Bxc6 bxc6 16. Rfd1 Qe7 17. Ne4 Kh8 18. Bg5 Bxg5 19. Qxg5 Qxg5 20. Nxg5 Nd5 21. Rac1 h6 22. Nf3 Rab8 23. Rd2 Rfc8 24. Ne5 Rc7 25. Rxc6 Rxc6 26. Nxc6 Rc8 27. Rc2 a5 28. Rc5 a4 29. g3 Rc7 30. Na5 Ra7 31. a3 Nb6 32. Rb5 Ra6 33. Kf1 Kg8 34. Ke2 Kf8 35.
Kd3 Ke8 36. f4 Kd7 37. f5 exf5 38. Rxf5 f6 39. Rb5 Kd6 40. Ke4 g6 41. Rxb6+ Rxb6 42. Nc4+ Kc6 43. Nxb6 Kxb6 44. Kd5 1-0

[Event "44th Chess Olympiad Women 2022"]
[Site "Chennai"]
[Date "2022.08.06"]
[Round "8.14"]
[White "Alinasab, Mobina"]
[Black "Houska, Jovanka"]
[Result "0-1"]
[WhiteElo "2364"]
[BlackElo "2360"]
[Annotator "TA"]
[PlyCount "80"]
[EventDate "2022.??.??"]
[TimeControl "60"]

1. e4 c6 2. d4 d5 3. f3 e6 4. Nc3 Bb4 5. Bd2 b6 6. a3 {[%emt 0:13:32] [#] B12: Caro-Kann: Advance
Variation.} Be7 $146 ({Predecessor:} 6... Bxc3 7. Bxc3 Ba6 8.
Bxa6 Nxa6 9. Ne2 Nf6 10. Qd3 Nc7 11. O-O a5 12. Rad1 O-O 13. Be1 {1-0 (37)
Adhiban,B (2659)-Abu Sufian,S (2244) Dhaka 2021}) 7. e5 (7.
Bd3 {should be considered.}) 7... c5 $11 8. Nce2 {[%emt 0:00:
00] Black has an edge.} Nc6 9. c3 a5 10. f4 Ba6 11. Nf3 Nh6 12. Be3 O-O $40 {
[%emt 0:04:22] Black is up to no good.} 13. g3 a4 14. Bh3 Na5 15. Qc2 Qd7 16. g4 Nc4 17. Bc1 f6 18. exf6 gxf6 {[%emt 0:00:18]
[%cal Ye6e5] White must now prevent ...e5!} 19. f5 (19. O-O $1
$11) 19... Nf7 $15 {[%emt 0:05:17] Black is more active.} 20. Nf4 {[%emt 0:18:
31] Now White is beyond hope.} (20. fxe6 $17 Qxe6 21. Qf5 Qxf5 22. gxf5) 20...
e5 $1 $19 21. Ne6 {[%emt 0:00:25] [#]} e4 $1 22. Nh4 {[%emt 0:04:01] [#]} (22. Nxf8 Bxf8 23. Nh4 cxd4 24.
cxd4 Na5) 22... cxd4 $1 23. cxd4 ({Don't play
} 23. Nxf8 Rxf8 24. cxd4 Na5) 23... Rfc8 24. Qg2 {[%emt 0:01:
38] aiming for g5.} Ng5 25. O-O Na5 (25... Nxe6 26. fxe6 Qc7 27. g5 $18) 26.
Be3 (26. Nxg5 {is a better defense.} Nb3 27. Ne6 Bxf1 28. Qxf1
Nxa1 29. Bh6) 26... Bxf1 {[%emt 0:01:03] Chess con chili.} ({Less strong is} 
26... Nxe6 27. fxe6 Qc7 28. Rf5 $16) 27. Rxf1 Nc4 (27... Nxe6 28. fxe6 Qb7 29. g5 $18) 28. Bf4 Rc6 {
[%emt 0:01:48] Black is clearly winning.} 29. Qg3 Rac8 30. Ng2 Bd6 31. Bxd6 Qxd6 32. Ngf4 Nd2 33. Rf2 Ndf3+ 34. Kh1 Rc1+ 35. Bf1 R8c2 36. Rxc2 Rxc2 37. Be2 Nxe6 38. fxe6 Nxd4 39. g5 Nxe2 40. Nxe2 Qxg3 {[%emt 0:00:05] Weighted
Error Value: White=0.83/Black=0.33} 0-1

[Event "44th Chess Olympiad Women 2022"]
[Site "Chennai"]
[Date "2022.08.06"]
[Round "8.14"]
[White "Mahdian, Anousha"]
[Black "Yao, Lan"]
[Result "1-0"]
[WhiteElo "2161"]
[BlackElo "2274"]
[Annotator "RC"]
[PlyCount "115"]
[EventDate "2022.??.??"]
[TimeControl "60"]

1. d4 Nf6 2. Nf3 e6 3. g3 d5 4. Bg2 a6 5. O-O b5 6. a4 Bb7 7. Ne5 Nbd7 8. Nd3 Bd6 9. Bf4 O-O 10. Nd2 Bxf4 11. gxf4 Ne4 12. Nb3 Rc8 13. f3 Nd6 14. Nbc5 Nxc5 15. Nxc5 Bc6 16. a5 Ra8 17. b3 Qe7 18. e4 b4 19. Qd2 Rfb8 20. Rfe1 Nb5 21. Qxb4 Qf6 22. Rad1 Qxf4 23. Nd3 Qh4 24. Qc5 Bb7 25. Nf2 dxe4 26. fxe4 Rd8 27. c4 Nd6 28. Qxc7 Rac8 29. Qb6 Qg5 30. Qb4 f5 31. Qd2 Qg6 32. Kh1 Nxe4 33. Nxe4 fxe4 34. Qe3 Rf8 35. Rf1 Qg4 36. Qg3 Qh5 37. Rde1 Rf5 38. Qd6 Qf7 39. Qg3 Rf8 40. Rg1 Rf4 41. Ref1 Rf5 42. Bh3 e3+ 43. d5 e2 44. Rxf5 exf5 45. Qf2 Qe7 46. Re1 Re8 47. Bg2 h6 48. Bf3 Qa3 49. Rxe2 Rf8 50. Qe3 Qxa5 51. Qe6+ Kh7 52. Qe7 Rb8 53. Qe5 Rf8 54. Rg2 Rf7 55. Bh5 Rf6 56. Qe7 Qa1+ 57. Rg1 Re6 58. Qxe6 1-0

[Event "44th Chess Olympiad Women 2022"]
[Site "Chennai"]
[Date "2022.08.06"]
[Round "8.14"]
[White "Toma, Katarzyna"]
[Black "Masoumi, Sahar"]
[Result "1-0"]
[WhiteElo "2303"]
[BlackElo "1956"]
[Annotator "RC"]
[PlyCount "101"]
[EventDate "2022.??.??"]
[TimeControl "60"]

1. e4 c5 2. Nf3 Nc6 3. Nc3 e6 4. d4 cxd4 5. Nxd4 Nf6 6.
Nxc6 bxc6 7. Bd3 d5 8. O-O Be7 9. Qe2 O-O 10. b3 Nd7 11.
Bb2 Nc5 12. Rfe1 Nxd3 13. Qxd3 f5 14. exd5 exd5 15. Ne2 Qd6 16. Nf4 Bg5 17. Nh5 Bh6 18. Be5 Qg6 19. Nf4 Qf7 20. Qd4 Re8 21. Nd3 a5 22. a4 Ba6 23. Nc5 f4 24. f3 Bg5 25. Rad1 Ra7 26.
Bd6 Be2 27. Rd2 Ba6 28. Rxe8+ Qxe8 29. Qf2 Bc8 30. Re2 Qg6 31. Nd3 Ra8 32. Bxf4 Bxf4 33. Nxf4 Qf7 34. Nd3 Ba6 35. Ne5 Qf5 36. Nxc6 Qg5 37. Re1 Rf8 38. Qd4 Bb7 39. Ne7+ Kh8 40. Qe5 Qd2 41. Nf5 Qg5 42. Nd4 Qd2 43. Ne6 Rg8 44. Nd8 Rf8 45. Nxb7 h6 46. Nd6 Rf6 47. Nb5 Qxc2 48. Qxd5 Rf5 49. Qa8+ Kh7 50. Qe4 Qc5+ 51. Nd4 1-0

[Event "44th Chess Olympiad Women 2022"]
[Site "Chennai"]
[Date "2022.08.06"]
[Round "8.14"]
[White "Varney, Zoe"]
[Black "Zahedifar, Anahita"]
[Result "1/2-1/2"]
[WhiteElo "2045"]
[BlackElo "2160"]
[Annotator "RC"]
[PlyCount "162"]
[EventDate "2022.??.??"]
[TimeControl "60"]

1. e4 c6 2. Nf3 d5 3. d3 Qc7 4. g3 Bg4 5. Bg2 e6 6. O-O Nf6 7. Qe1 Be7 8.
Nfd2 e5 9. h3 Be6 10. Nc3 O-O 11. f4 exf4 12. gxf4 Nh5 13. Nb3 dxe4 14. dxe4 a5 15. Be3 a4 16. Nd4 a3 17. b3 Bd7 18. Qf2 Bb4 19. Nde2 Na6 20.
Rad1 Be7 21. Bf3 Bxh3 22. Bxh5 Bxf1 23. Rxf1 Qa5 24. Bf3 Bc5 25. e5 Bxe3 26. Qxe3 Qc5 27. Qxc5 Nxc5 28. Ne4 Nxe4 29. Bxe4 Rad8 30. Bd3 Rfe8 31. Nc3 Rd4 32. Ne2 Rdd8 33. Rf3 Kf8 34. Kf2 h6 35. Rh3 Ke7 36. Ng3 Kd7 37. Nf5 g5 38. Nd6 Re7 39. Nxb7 Rg8 40.
Nd6 gxf4 41. Nc4 Rh8 42. Bf5+ Kc7 43. Kf3 Ree8 44. Kxf4 Rd8 45. Rd3 Rxd3 46. Bxd3 Kd7 47. Bf5+ Ke7 48. Be4 Rg8 49. Bxc6 Rg1 50. Nxa3 Ra1 51. Nc4 Rxa2 52. Ne3 Rb2 53. Be4 h5 54. Nf5+ Kd7 55. Kg5 Ke6 56. Kf4 Kd7 57. Ne3 Ke7 58. Kg5 Rb1 59. Nc4 Re1 60. Bf3 Rc1 61. Ne3 Ke6 62. Kf4 h4 63. Bg4+ Ke7 64. Nf5+ Kd8 65. Nxh4 Rxc2 66. e6 fxe6 67. Bxe6 Ke7 68. Bc4 Kd6 69. Nf5+ Kc5 70. Ne3 Rb2 71. Nd5 Rc2 72. Ne3 Rb2 73. Nf5 Rc2 74. Bg8 Rg2 75. Bf7 Kb4 76. Ke3 Rg1 77. Bc4 Kc3 78. Ke4 Rb1 79. Nd4 Re1+ 80. Ne2+ Rxe2+ 81. Bxe2 Kxb3 1/2-1/2

[Event "44th Chess Olympiad Women 2022"]
[Site "Chennai"]
[Date "2022.08.06"]
[Round "8.15"]
[White "Divya Deshmukh"]
[Black "Dejanovic, Tereza"]
[Result "1-0"]
[WhiteElo "2319"]
[BlackElo "2011"]
[Annotator "RC"]
[PlyCount "61"]
[EventDate "2022.??.??"]
[TimeControl "60"]

1. e4 c5 2. Nf3 d6 3. d4 cxd4 4. Nxd4 Nf6 5. Nc3 a6 6. f3 e6 7. Be3 Be7 8. Qd2 Qc7 9. g4 h6 10. O-O-O Nc6 11. h4 b5 12. Bd3 Ne5 13. g5 Nxd3+ 14. Qxd3 Nh5 15. gxh6 g6 16. Nde2 Qa5 17. Bg5 Bxg5+ 18. hxg5 b4 19. Qxd6 bxc3 20. Qc6+ Ke7 21. Qxa8 Qxg5+ 22. Kb1 Qc5 23. Nxc3 Rxh6 24. Na4 Qc7 25. Nb6 Rh8 26. Nxc8+ Rxc8 27. Qxa6 Qxc2+ 28. Ka1 Qc7 29. Qa3+ Kf6 30. Qe3 Rb8 31. Rc1 1-0

[Event "44th Chess Olympiad Women 2022"]
[Site "Chennai"]
[Date "2022.08.06"]
[Round "8.15"]
[White "Ivekovic, Tihana"]
[Black "Gomes, Mary Ann"]
[Result "1/2-1/2"]
[WhiteElo "2082"]
[BlackElo "2324"]
[Annotator "RC"]
[PlyCount "88"]
[EventDate "2022.??.??"]
[TimeControl "60"]

1. d4 Nf6 2. c4 c5 3. d5 e6 4. Nc3 exd5 5. cxd5 d6 6. Nf3 g6 7. e4 a6 8. Bg5 Bg7 9. Nd2 h6 10. Bh4 Nbd7 11. Be2 b5 12. Qc2 Qe7 13. O-O g5 14. Bg3 h5 15. h4 Ng4 16. Nf3 gxh4 17. Nxh4 Be5 18. Nf5 Qf6 19. Bh4 Qg6 20. f4 Bd4+ 21. Kh1 Nb6 22. Bxb5+ axb5 23. Nxb5 Kf8 24. Nbxd4 cxd4 25. Ne7 Qh7 26. Qc6 Qxe4 27. Qxb6 Ba6 28. Rae1 Qc2 29. Qxd4 Rh6 30. Rc1 Qd3 31. Qxd3 Bxd3 32. Rfe1 Rxa2 33. Rc3 Bh7 34. Bg5 Rxb2 35. Bxh6+ Nxh6 36. Rh3 Ng4 37. Rxh5 Be4 38. Rh8+ Kxe7 39. Rxe4+ Kf6 40. Re1 Kf5 41. Rd8 Kxf4 42. Rxd6 Kg3 43. Ra6 Nf2+ 44. Kg1 Nh3+ 1/2-1/2

[Event "44th Chess Olympiad Women 2022"]
[Site "Chennai"]
[Date "2022.08.06"]
[Round "8.15"]
[White "Medic, Mirjana"]
[Black "Vantika Agrawal"]
[Result "0-1"]
[WhiteElo "2194"]
[BlackElo "2371"]
[Annotator "TA"]
[PlyCount "74"]
[EventDate "2022.??.??"]
[TimeControl "60"]

1. d4 Nf6 2. c4 g6 3. Nf3 Bg7 4. g3 O-O 5. Bg2 d6 6. O-O Nc6 7. Nc3 a6 8. h3 Rb8 9. e4 b5 10. cxb5 {[%emt 0:
00:41] 10.cxb5 has become a bit dusty these days.} axb5 11.
Re1 e6 {[%emt 0:05:09] E63: King's Indian: Fianchetto: Panno
Variation with 7...a6.} 12. Be3 (12. Bd2 $11) 12... b4 $17 13. Na4 (13. e5 $142 dxe5 14. Nxe5 Nxe5 15.
dxe5 bxc3 16. exf6 Bxf6 17. bxc3) 13... Bb7 {[%emt 0:06:05] [#]} (13... Nxe4
$17 {White must now prevent ...Ne7.} 14. d5 (14. Qc2 $2 Bb7 $17) 14... Ne7 15.
dxe6 fxe6) 14. Qc2 $146 {[%emt 0:06:47] [#]} (14. Nh2 $11 {and White stays
safe.}) ({Predecessor:} 14. Bg5 h6 15. Bd2 Re8 16. Rc1 e5 17. dxe5 Nxe5 18.
Nxe5 Rxe5 19. Qc2 Qe8 20. f3 {0-1 (46) Portisch,L-Adorjan,A Budapest 1975})
14... Ne7 $2 (14... Nxe4 $1 $19 {Hoping for ...Ne7.} 15. Nd2 (
15. Qxe4 $2 Nxd4 16. Nxd4 Bxe4 $19) 15... Nxd2 16. Qxd2 Ne7 17. Bxb7 Rxb7) 15.
Nd2 $11 Qd7 16. b3 Rfc8 17. Rac1 Qd8 18. Qb1 Nd7 19. f4 f5 20. e5 (20. Bf2 $11) 20... Bxg2 $15 21.
Kxg2 Nd5 22. Bf2 dxe5 23. dxe5 g5 24. fxg5 Nxe5 25. Re2 $2 {[%emt 0:18:26] This move
loses the game for White.} ({Don't blunder} 25. Nc4 $2 Nc3 26. Rxc3 (26. Nxc3
$2 Nxc4 27. Rxe6 bxc3 $19) 26... Qd5+ 27. Kg1 bxc3 28. Nxe5 Bxe5 $19) (25. Nf3
$17 {was worth a try.} Nxf3 26. Kxf3) 25... Qxg5 $19 26. Kh2 Nc3 27. Nxc3 bxc3 28. Nf1 (28. Rxc3 {is the only way for White.} Ng4+
29. hxg4 Bxc3 30. Nf3 Qxg4 31. Qd3) 28... Rd8 (28... Qh5 $142
29. Rcc2 Nf3+ 30. Kg2 Ng5) 29. Kg2 $2 (29. Rxc3 Ng4+ 30. hxg4
Bxc3 31. Rxe6 Qxg4 32. Qc2) 29... Nd3 30. Rcc2 Nf4+ 31. Kh2 Nxe2 32. Rxe2 Qh5 33. Qc2 Qf3 {[%emt 0:00:
00] Threatens to win with ...Rd7.} 34. Ne3 Rd7 35. Nc4 Rbd8 {[%emt 0:00:32][%cal Yd7d2] ( -> ...Rd2!)} 36.
Bg1 {[%emt 0:02:16] [#]} Rd2 $1 37. Rxd2 (37.
Qxd2 cxd2) 37... cxd2 {[%emt 0:00:05] Weighted Error Value: White=1.30/Black=0.
27 (precise)} 0-1

[Event "44th Chess Olympiad Women 2022"]
[Site "Chennai"]
[Date "2022.08.06"]
[Round "8.15"]
[White "Padmini, Rout"]
[Black "Radikovic, Anamarija"]
[Result "1-0"]
[WhiteElo "2374"]
[BlackElo "2099"]
[Annotator "TA"]
[PlyCount "55"]
[EventDate "2022.??.??"]
[TimeControl "60"]

1. e4 c5 2. Nf3 d6 3. d4 cxd4 4. Nxd4 Nf6 5. Nc3 a6 6. Be2 e5 7. Nb3 Be7 8. Be3 Be6 9. Nd5 Nxd5 10. exd5 Bf5 11. Qd2 Nd7 12. O-O O-O 13. Na5 Qc7 14. c4 {[%emt 0:02:37] B92: Sicilian Najdorf: 6 Be2.} Bg6 15. b4 f5 {[%emt 0:04:53] [#] And now ...f4 would win.} 16. f4
{[%emt 0:11:30] White is slightly better.} b6 17. Nc6 Bf6 18. Rac1 {[%emt 0:00:39] 0x0.
0002d9b67b31dp-1022s more active pieces.} Rfe8 19. Bd3 e4 20. Be2 {[%emt 0:03:00] [#]} a5 $146 ({Predecessor:} 20... Bf7 21. Nd4 Bxd4 22. Bxd4 Qd8 23. Rc3 Nf6
24. Rg3 Kf8 25. Qe3 Rb8 26. Rg5 g6 {1-0 (35) Hoolt,S (2393)-Doluhanova,E (2304)
Stary Smokovec 2018}) 21. a3 axb4 22. axb4 Ra3 23. Nd4 Bxd4 24. Bxd4 Rea8 25. Bb2 {
[%emt 0:01:16] This bishop pair is nice.} Rb3 {[%emt 0:02:04] [#]} (25... Ra2
$16) 26. Ra1 $18 Rc8 (26... Rxa1 $2 27. Rxa1
h6 28. Bd4 $18) 27. Bd4 {[%emt 0:05:00] Hoping for Rfc1.} Qb7 (27... Nf6 {was necessary.}) 28. Qa2 {[%emt 0:10:55] White took control after
the opening. Weighted Error Value: White=0.01 (flawless) / Black=0.31} (28. Ra4
$18 Qc7 29. Qa2) 1-0